 Dungeon Crawl Stone Soup version 0.32-a0-18-g89e19f1974 (webtiles) character file.

Game seed: 7299083336963512694

550 kal9871 the Magician (level 7, -1/45 HPs)
             Began as a Djinni Air Elementalist on Jan 16, 2024.
             Slain by a +3 long sword of Seuklaoc {spect, rElec rF+ Dex-2} (16 damage)
             ... created by an orc
             ... on level 4 of the Dungeon.
             The game lasted 00:04:06 (3416 turns).

kal9871 the Magician (Djinni Air Elementalist)      Turns: 3416, Time: 00:04:07

Health: -1/45      AC:  4    Str:  7    XL:     7   Next: 54%
Gold:   229        EV: 12    Int: 19    God:
                   SH:  0    Dex: 16

rFire   + + .        l - +2 falchion (holy)
rCold   . . .        (no shield)
rNeg    . . .        f - +1 leather armour of the New World {rPois rC+ Dex+3}
rPois   ∞            (no helmet)
rElec   .            (no cloak)
rCorr   .            (no gloves)
SInv    .            (boots unavailable)
Will    .....        (no amulet)
Stlth   ++           (no ring)
HPRegen 0.27/turn    (no ring)
MPRegen 0.00/turn

%: infuse magic (-2 HP)
@: flying
A: sickness immunity, fire resistance 2, cold vulnerability 1, float, innate
caster, HP casting, extra vitality 1
a: no special abilities


You were on level 4 of the Dungeon.
You visited 1 branch of the dungeon, and saw 5 of its levels.

You collected 229 gold pieces.

Inventory:

Hand Weapons
 l - a +2 falchion of holy wrath (weapon)
Missiles
 i - a throwing net
Armour
 f - the +1 leather armour of the New World (worn) {rPois rC+ Dex+3}
   (You found it on level 3 of the Dungeon)

   Dex+3:     It affects your dexterity (+3).
   rC+:       It protects you from cold.
   rPois:     It protects you from poison
Scrolls
 b - a scroll of blinking {unknown}
 d - a scroll of teleportation {unknown}
 g - a scroll of immolation {unknown}
 h - a scroll of poison {unknown}
 k - a scroll of noise {unknown}
Potions
 a - a potion of enlightenment {unknown}
 c - 2 potions of lignification {unknown}
 e - a potion of mutation {unknown}
 j - a potion of cancellation {unknown}


   Skills:
 - Level 2.8 Dodging
 - Level 2.1 Stealth
 * Level 6.4 Spellcasting
 * Level 6.4 Conjurations
 * Level 6.4 Hexes
 * Level 6.4 Summonings
 * Level 6.4 Necromancy
 * Level 6.4 Translocations
 * Level 6.4 Fire Magic
 * Level 6.4 Ice Magic
 * Level 6.4 Air Magic
 * Level 6.4 Earth Magic
 * Level 6.4 Alchemy


You knew the following spells:

 Your Spells              Type           Power      Damage    Failure   Level
a - Shock                 Conj/Air       100%       1d9       1%          1
b - Static Discharge      Conj/Air       60%        3-6/arc   1%          2
c - Swiftness             Air            30%        N/A       3%          3
d - Airstrike             Air            15%        2d(3-19)  12%         4
e - Slow                  Hex            100%       N/A       1%          1
f - Scorch                Fire           60%        2d7       1%          2
g - Gell's Gravitas       Tloc           30%        N/A       3%          3
Your spell library was empty.

Dungeon Overview and Level Annotations

Branches:
Dungeon (5/15)
 Temple: D:4-7

Altars:

Shops:
D:2 [

Annotations:
D:3 1 runed translucent door, koorschki's ghost, amateur OpSh


Innate Abilities, Weirdness & Mutations

You are immune to sickness and miasma.
You are immune to poison.
Your flesh is very heat resistant. (rF++)
You are vulnerable to cold. (rC-)
You float through the air rather than walking.
You learn spells naturally, not from books.
Your magical power is your life essence.
You have superior vitality. (+4 MHP)


Message History

There is a stone staircase leading down here.
Unknown command.
There are monsters nearby!
There are monsters nearby!
Casting: Shock (safe; 1% risk of failure)
Confirm with . or Enter, or press ? or * to list all spells.
Aiming: Shock (safe; 1% risk of failure)
Press: ? - help, Shift-Dir - straight line The zap hits the orc wizard!
The orc wizard is heavily wounded.
The zap hits the orc wizard.
The orc wizard is almost dead.
Casting: Shock (safe; 1% risk of failure)
Confirm with . or Enter, or press ? or * to list all spells.
Aiming: Shock (safe; 1% risk of failure)
Press: ? - help, Shift-Dir - straight line The zap hits the orc.
The orc resists.
The orc is lightly wounded.
The orc wizard casts a spell at you. The magic dart hits you.
Casting: Shock (safe; 1% risk of failure)
Confirm with . or Enter, or press ? or * to list all spells.
Aiming: Shock (safe; 1% risk of failure)
Press: ? - help, Shift-Dir - straight line The zap hits the orc wizard!
You kill the orc wizard!
The zap hits the orc.
The orc completely resists.
The orc is lightly wounded.
The orc closely misses you.
The +3 long sword of Seuklaoc {spect, rElec rF+ Dex-2} hits you!!
A +3 long sword of Seuklaoc {spect, rElec rF+ Dex-2} comes into view.
Casting: Shock (safe; 1% risk of failure)
Confirm with . or Enter, or press ? or * to list all spells.
Aiming: Shock (safe; 1% risk of failure)
Press: ? - help, Shift-Dir - straight line The zap misses the +3 long sword of Seuklaoc {spect, rElec rF+ Dex-2}. x2
The zap misses the orc.
The orc hits you with the +3 long sword of Seuklaoc {spect, rElec rF+ Dex-2}.
The +3 long sword of Seuklaoc {spect, rElec rF+ Dex-2} hits you!
You die...

#####.## #.#
########### #.####
#.........# #..o.##
#.#######.# #####
#..#..###.##### #>#
....# #.###.........#
#.#
###.###..#..###.###.#
#.# #.##.....##
#o###.###.#
#.#.....##
#(@>......# #...)...#
#####.##### #
#####.### #.# # #.#
#.# # #.# #.### ##'##
#.).# ##...## ###.#
##.....## #####.#####
##)......##
##.........#


You could see a +3 long sword of Seuklaoc {spect, rElec rF+ Dex-2} and an orc.

Vanquished Creatures
  Grinder (D:3)
  An ogre (D:4)
  2 jellies
  An iguana (D:4)
  3 orc wizards
  5 adders
  A dart slug (D:3)
  8 orcs
  8 bats
  5 endoplasms
  4 giant cockroaches
  5 goblins
  4 hobgoblins
  3 jackals (D:1)
  4 quokkas
  5 ball pythons
  4 frilled lizards
  A kobold (D:4)
  5 rats
70 creatures vanquished.

Notes
Turn   | Place    | Note
-------+----------+-------------------------------------------
     0 | D:1      | kal9871 the Djinni Air Elementalist began the quest for the
                  | Orb.
     0 | D:1      | kal9871 set off with the following spells memorised: Shock,
                  | Static Discharge, Swiftness, Airstrike.
     0 | D:1      | Reached XP level 1. HP: 15/15 MP: 0/0
   105 | D:1      | Reached XP level 2. HP: 16/21 MP: 0/0
   476 | D:1      | Reached XP level 3. HP: 24/25 MP: 0/0
   476 | D:1      | Learned a level 1 spell: Slow
  1342 | D:2      | Found a faded altar of an unknown god.
  1395 | D:2      | Reached XP level 4. HP: 30/31 MP: 0/0
  1714 | D:2      | Found Ogeloun's Antique Armour Emporium.
  1810 | D:3      | Identified the +1 leather armour of the New World {rPois
                  | rC+ Dex+3}
  1914 | D:3      | Identified the +0 robe "Sihycw" {Harm rC++ Int-4}
  2045 | D:3      | Reached XP level 5. HP: 18/35 MP: 0/0
  2045 | D:3      | Learned a level 2 spell: Scorch
  2362 | D:3      | Noticed koorschki's ghost (amateur OpSh)
  2365 | D:3      | Found a runed translucent door.
  2474 | D:3      | Noticed Grinder
  2482 | D:3      | Killed Grinder
  2483 | D:3      | Reached skill level 5 in Spellcasting
  2483 | D:3      | Reached skill level 5 in Conjurations
  2483 | D:3      | Reached skill level 5 in Hexes
  2483 | D:3      | Reached skill level 5 in Summonings
  2483 | D:3      | Reached skill level 5 in Necromancy
  2483 | D:3      | Reached skill level 5 in Translocations
  2483 | D:3      | Reached skill level 5 in Fire Magic
  2483 | D:3      | Reached skill level 5 in Ice Magic
  2483 | D:3      | Reached skill level 5 in Air Magic
  2483 | D:3      | Reached skill level 5 in Earth Magic
  2483 | D:3      | Reached skill level 5 in Alchemy
  2483 | D:3      | Reached XP level 6. HP: 18/40 MP: 0/0
  2718 | D:4      | Reached XP level 7. HP: 41/45 MP: 0/0
  2718 | D:4      | Learned a level 3 spell: Gell's Gravitas
  3155 | D:4      | Identified the +3 long sword of Seuklaoc {spect, rElec rF+
                  | Dex-2}
  3203 | D:5      | Entered Level 5 of the Dungeon
  3416 | D:4      | Slain by a +3 long sword of Seuklaoc {spect, rElec rF+
                  | Dex-2}

Illustrated notes

Levels and vault maps discovered:
D:1:      wander_arrival_estate, layout_basic
D:2:      layout_loops_cross, dreamdust_ecumenical_altar_hidden_monk_grotto,
          basic_altar, serial_shops, nicolae_shop_real_fake_doors,
          kennysheep_generic_room_5
D:3:      layout_loops_ring, kennysheep_orc_sif_temple,
          hellmonk_ghost_happy_afterlife, serial_park_tiny_pond, uniq_grinder
D:4:      layout_loops_corners, nzn_wu_jian_council_hall
D:5:      minmay_polygon_palace, layout_loops_ring,
          nicolae_overflow_crystal_walls, hangedman_decor_riveting,
          kb_lookout_dungeons_type, uniq_edmund

Skill      XL: |  1  2  3  4  5  6  7 |
---------------+----------------------+-----
Stealth        | 2 |  2.1
Spellcasting   | 4 5 6 |  6.4
Conjurations   | 4 5 6 |  6.4
Hexes          | 4 5 6 |  6.4
Summonings     | 4 5 6 |  6.4
Necromancy     | 4 5 6 |  6.4
Translocations | 4 5 6 |  6.4
Fire Magic     | 4 5 6 |  6.4
Ice Magic      | 4 5 6 |  6.4
Air Magic      | 4 5 6 |  6.4
Earth Magic    | 4 5 6 |  6.4
Alchemy        | 4 5 6 |  6.4
Dodging        | |  2.8

Action                     |  1- 3 |  4- 6 |  7- 9 || total
---------------------------+-------+-------+-------++-------
  Melee: Unarmed           |     3 |       |     1 ||     4
   Cast: Shock             |    51 |    75 |    33 ||   159
         Scorch            |       |     3 |     2 ||     5
 Armour: Robe              |     9 |     1 |       ||    10
         Leather armour    |       |     5 |    15 ||    20
  Dodge: Dodged            |     8 |    12 |     3 ||    23

Table legend: (Time is in decaauts)
 A = Elapsed time spent in this place.
 B = Non-inter-level travel time spent in this place.
 C = Inter-level travel time spent in this place.
 D = Time resting spent in this place.
 E = Time spent auto-exploring this place.
 F = Levels seen in this place.
 G = Mean time per level.
                   A        B        C        D        E       F      G
               +--------+--------+--------+--------+--------+-----+--------+
         Total |   3415 |   3334 |     81 |    206 |   2713 |   5 |  683.0 |
       Dungeon |   3415 |   3334 |     81 |    206 |   2713 |   5 |  683.0 |
               +--------+--------+--------+--------+--------+-----+--------+

Top non-repeatable levels by time:
     D:1: 1119 daAuts
     D:3: 872 daAuts
     D:2: 672 daAuts
     D:4: 542 daAuts
     D:5: 207 daAuts
